 Dungeon Crawl Stone Soup version 0.30.0-18-gc0e69614cb (webtiles) character file.

Game seed: 15247843714652721357

51905 NateTC the Eclecticist (level 15, -12/118 HPs)
             Began as a Djinni Ice Elementalist on May 25, 2023.
             Was the Champion of Jiyva.
             Killed by an exploding ball lightning (19 damage)
             ... on level 2 of the Orcish Mines.
             The game lasted 00:56:24 (16805 turns).

NateTC the Eclecticist (Djinni Ice Elementalist)   Turns: 16805, Time: 00:56:25

Health: -12/118    AC: 21    Str:  7    XL:     15   Next: 3%
Gold:   1341       EV: 18    Int: 33    God:    Jiyva [******] SH:  0 Dex: 16

rFire   + + .        N - staff of earth "Tigo" {rC++ Int+2}
rCold   + . .        (no shield)
rNeg    . . .        L - +2 troll leather armour {Snorg}
rPois   ∞            F - +1 hat
rElec   .            y - +1 cloak {Stlth+}
rCorr   +            u - +0 pair of fencer's gloves {Riposte Dex+3}
SInv    .            (boots unavailable)
Will    +++++        (no amulet)
Stlth   +++          H - +6 ring of intelligence
HPRegen 2.79/turn    p - ring of willpower
MPRegen 0.00/turn

%: infuse magic (-13 HP)
@: ice-armoured, freezing walls, flying, studying Fighting
A: sickness immunity, fire resistance 2, cold vulnerability 1, float, innate
caster, HP casting, extra vitality 1, horns 1, strong-willed 3, screaming 1,
gelatinous body 2, tendrils
a: Renounce Religion, Oozemancy, Slimify


You were on level 2 of the Orcish Mines.
You worshipped Jiyva.
Jiyva was exalted by your worship.
You visited 4 branches of the dungeon, and saw 18 of its levels.
You also visited: Bailey.

You collected 1341 gold pieces.

Inventory:

Missiles
 U - a throwing net
Armour
 e - a +2 robe of cold resistance
 u - the +0 pair of fencer's gloves (worn) {Riposte Dex+3}
   (You found it on level 1 of the Lair of Beasts)

   Riposte:   It allows the wearer to riposte with melee weapons, swiftly
   retaliating against missed or blocked melee attacks.
   Dex:       It affects your dexterity (+3).
 y - a +1 cloak of stealth (worn)
 F - a +1 hat (worn)
 L - a +2 troll leather armour (worn) {Snorg}
Magical Staves
 t - a staff of cold
 N - the staff of earth "Tigo" (weapon) {rC++ Int+2}
   (You found it on level 5 of the Lair of Beasts)

   [staff of earth]

   Your inability to study Earth Magic prevents you from drawing on the full
   power of this staff in melee.
   Base accuracy: +5 Base damage: 5 Base attack delay: 1.2 This weapon's minimum
   attack delay (0.6) is reached at skill level 12.
   Int:       It affects your intelligence (+2).
   rC:        It greatly protects you from cold.
   It falls into the 'Staves' category.
   It is a one-handed weapon.
Jewellery
 d - a ring of see invisible
 m - a +6 ring of dexterity
 p - a ring of willpower (right hand)
 w - a ring of protection from fire
 x - a ring of resist corrosion
 B - a ring of ice
 E - a +6 ring of dexterity
 H - a +6 ring of intelligence (left hand)
Wands
 a - a wand of digging (3)
 j - a wand of polymorph (4)
 l - a wand of light (9)
 A - a wand of mindburst (21)
 I - a wand of flame (14)
Scrolls
 f - 8 scrolls of teleportation
 g - 4 scrolls of identify
 h - 5 scrolls of immolation
 i - 3 scrolls of fog
 n - a scroll of enchant weapon
 r - 7 scrolls of fear
 s - 3 scrolls of magic mapping
 z - 2 scrolls of poison
 C - a scroll of brand weapon
 D - a scroll of torment
 M - 2 scrolls of silence
 P - a scroll of vulnerability {unknown}
 Q - a scroll of noise {unknown}
Potions
 b - 2 potions of berserk rage
 c - 3 potions of curing
 k - 3 potions of attraction
 o - 3 potions of lignification
 q - a potion of cancellation
 v - 3 potions of mutation
 G - a potion of might
 K - a potion of heal wounds {unknown}
 R - a potion of haste {unknown}
 S - a potion of experience
 T - a potion of resistance {unknown}
Miscellaneous
 J - a lightning rod (4/4)
 O - a condenser vane (inert)


   Skills:
 + Level 14.3 Fighting
 - Level 9.0 Dodging
 - Level 1.5 Stealth
 * Level 15.4 Spellcasting


You knew the following spells:

 Your Spells              Type           Power      Damage    Failure   Level
a - Freeze                Ice            100%       1d10      0%          1
b - Frozen Ramparts       Ice            100%       1d16      0%          3
c - Ozocubu's Armour      Ice            91%        N/A       0%          3
d - Summon Ice Beast      Ice/Summ       91%        N/A       1%          4
e - Sting                 Tmut/Pois      100%       1d8       0%          1
f - Blink                 Tloc           100%       N/A       0%          2
g - Teleport Other        Tloc           91%        N/A       0%          3
h - Ignite Poison         Fire/Tmut/Pois 91%        N/A       0%          3
i - Alistair's Intoxicat  Tmut/Pois      60%        N/A       1%          5
j - Yara's Violent Unrav  Hex/Tmut       45%        3d18      1%          5
k - Conjure Ball Lightni  Conj/Air       45%        3x3d16    1%          6
Your spell library was empty.

Dungeon Overview and Level Annotations

Branches:
Dungeon (10/15) Zot: 26286  Temple (1/1) D:7 Zot: 5729    Lair (5/5) D:9 Zot: 23739
  Swamp (0/4) Lair:3       Spider (0/4) Lair:2        Slime (0/5) Lair:5
    Orc (2/2) D:10 Zot: 11243     Elf (0/3) Orc:2        Bailey (visited)

Altars:
Ashenzari
Cheibriados
Dithmenos
Elyvilon
Fedhas
Gozag
Hepliaklqana
Makhleb
Nemelex Xobeh
Okawaru
Qazlal
Ru
Trog
Uskayaw
Wu Jian
Xom
Yredelemnul
Zin
The Shining One
Jiyva

Shops:
D:8 !

Portals:
Abyss: D:3

Annotations:
D:3 2 transporters, turdburglar's ghost, amateur GrEE


Innate Abilities, Weirdness & Mutations

You are immune to sickness and miasma.
You are immune to poison.
Your flesh is very heat resistant. (rF++)
You are vulnerable to cold. (rC-)
You float through the air rather than walking.
You learn spells naturally, not from books.
Your magical power is your life essence.
You have superior vitality. (+4 MHP)
You have a pair of small horns on your head.
You are extremely strong-willed. (Will+++)
You occasionally shout uncontrollably at your foes.
Your pliable body absorbs attacks. (AC +2, EV +2)
You are covered in slimy tendrils that may disarm your opponents.


Message History

You create some ball lightning! 3 ball lightnings come into view.
The wall freezes the orc high priest.
The orc high priest misses you.
Your ice beast closely misses the orc knight.
The wall freezes the sixfirhy.
The sixfirhy closely misses your ice beast.
The wall freezes the sixfirhy.
The sixfirhy completely misses your ice beast.
Your ball lightning explodes!
The blast of lightning engulfs your ball lightning.
Your ball lightning completely resists.
The blast of lightning engulfs you!
The blast of lightning engulfs your ice beast!!
Your ice beast is moderately wounded.
The blast of lightning engulfs your ball lightning.
Your ball lightning completely resists.
The blast of lightning engulfs the sixfirhy.
The sixfirhy completely resists.
The sixfirhy is lightly wounded.
The blast of lightning engulfs the orc knight!!
The orc knight is heavily wounded.
The blast of lightning engulfs the orc high priest!
The orc high priest is moderately wounded.
Your ice beast disappears in a puff of smoke!
The wall freezes the sixfirhy but does no damage.
The wall freezes the sixfirhy.
The sixfirhy misses you.
You riposte.
You closely miss the sixfirhy. Your headbutt misses the sixfirhy.
The sixfirhy is lightly wounded.
Your ball lightning explodes!
The blast of lightning engulfs you!!!
* * * LOW HITPOINT WARNING * * *
The blast of lightning engulfs the sixfirhy.
The sixfirhy completely resists.
The sixfirhy is lightly wounded.
The blast of lightning engulfs the orc knight!!
The orc knight is severely wounded.
The wall freezes the orc knight but does no damage.
Your ball lightning explodes!
The blast of lightning engulfs you!!
You die...

###....##........
#.....#.#.......
##..............
##.............<.
#.....#..........
######.............
##§..###............
##...o..##...........
##...@3)o.###.........
#..§)##o)...#.........
##.).## o...##........
## ##...§#
÷...##.......
##.###...§## ÷÷.
#....... #....#*.§.#
.. #....... #....J§§.#
. #.....#. #........#
#....#.# ##.......##
#....J..


You could see an orc knight (strong), an orc high priest (strong), a sixfirhy
(summoned), an orc sorcerer (strong), an orc wizard (strong), a neutral jelly
(wandering) (fellow slime) and a friendly ball lightning (wandering).

Vanquished Creatures
  Fannar (Lair:1)
  A hydra (Lair:5)
  Harold (Orc:1)
  3 catoblepae
  2 two-headed ogres (D:9)
  4 orc high priests
  3 death yaks (Lair:5)
  Amaemon (Lair:2)
  3 orc knights
  An orc sorcerer (Bailey)
  A manticore (Lair:5)
  10 elephants
  Maurice (D:8)
  A black mamba (Lair:3)
  An orange demon (Lair:2)
  6 cane toads
  5 komodo dragons
  3 rime drakes
  An unseen horror (D:10)
  A troll (Orc:2)
  2 polar bears
  A blink frog (Lair:5)
  4 culicivoras (Lair:2)
  Sigmund (D:2)
  A shadow (D:10)
  2 slime creatures (Lair:2)
  44 yaks
  A wyvern (Lair:2)
  3 basilisks
  2 redbacks (Lair:2)
  A steam dragon (D:9)
  A warg (Orc:2)
  18 orc warriors
  A sky beast (D:6)
  2 ice beasts (D:7)
  5 ogres
  11 wolves
  3 centaurs
  2 phantoms (D:10)
  4 bullfrogs
  A gnoll sergeant (D:6)
  3 scorpions
  4 killer bees (D:7)
  A nameless horror (D:2)
  3 electric eels
  2 howler monkeys
  3 hounds
  A jelly (Lair:2)
  8 orc priests
  2 gnoll boudas
  An iguana (D:6)
  A sleepcap (D:8)
  12 orc wizards
  Natasha (thrice) (D:2)
  4 ogre zombies (D:10)
  15 gnolls
  11 adders
  3 white imps
  3 worms
  2 dart slugs
  34 orcs
  2 endoplasms
  6 giant cockroaches
  19 goblins
  11 hobgoblins
  6 jackals
  8 kobolds
  4 quokkas
  11 ball pythons
  10 bats
  2 frilled lizards
  2 goblin skeletons (D:10)
  A goblin zombie (D:10)
  An orc skeleton (D:10)
  3 orc zombies (D:10)
  8 rats
370 creatures vanquished.

Vanquished Creatures (collateral kills)
  Snorg (Lair:5)
  The ghost of Zebleirgh the Destroyer, a journeyman DrCj of Sif Muna (Lair:2)
  3 hydras
  A catoblepas (Lair:5)
  3 death yaks (Lair:5)
  An orc knight (Bailey)
  An orc sorcerer (Orc:2)
  A manticore (Lair:5)
  4 elephants
  2 black mambas (Lair:2)
  A cane toad (Lair:5)
  A komodo dragon (Lair:5)
  A troll (Orc:2)
  2 blink frogs (Lair:5)
  A jumping spider (Lair:2)
  A culicivora (Lair:2)
  2 wyverns
  24 yaks
  2 basilisks (Lair:5)
  Grum (D:8)
  5 water moccasins
  6 orc warriors
  4 ogres
  5 wolves
  4 centaurs
  A kobold brigand (D:8)
  2 bullfrogs (Lair:1)
  A troll zombie (D:10)
  A killer bee (D:7)
  12 electric eels
  2 jellies
  6 orc priests
  2 orc wizards
  An iguana (D:7)
  An ogre zombie (D:10)
  4 gnolls
  A shadow imp (D:5)
  A worm (D:4)
  17 orcs
  2 goblins (Bailey)
  A goblin zombie (D:10)
  2 kobolds (D:8)
  An orc skeleton (D:10)
  9 orc zombies (D:10)
  A butterfly (Lair:3)
146 creatures vanquished.

Vanquished Creatures (others)
  An orc sorcerer (Orc:2)
  A polar bear (Lair:4)
  2 water moccasins (Lair:5)
  A human (D:7)
  A centaur (Lair:3)
  A wolf (Lair:5)
  A bullfrog (Lair:3)
  29 jellies
  4 orc wizards
  4 orcs (Orc:2)
  A goblin zombie (D:10)
  5 ball lightnings (Orc:2)
51 creatures vanquished.

Grand Total: 567 creatures vanquished

Notes
Turn   | Place    | Note
-------+----------+-------------------------------------------
     0 | D:1      | NateTC the Djinni Ice Elementalist began the quest for the
                  | Orb.
     0 | D:1      | NateTC set off with the following spells memorised: Freeze,
                  | Frozen Ramparts, Ozocubu's Armour, Summon Ice Beast.
     0 | D:1      | Reached XP level 1. HP: 15/15 MP: 0/0
   114 | D:1      | Reached XP level 2. HP: 19/21 MP: 0/0
   639 | D:1      | Reached XP level 3. HP: 23/25 MP: 0/0
   639 | D:1      | Learned a level 1 spell: Sting
  1039 | D:2      | Reached skill level 4 in Spellcasting
  1157 | D:2      | Noticed Natasha
  1162 | D:2      | Killed Natasha
  1163 | D:2      | Reached XP level 4. HP: 20/31 MP: 0/0
  1180 | D:2      | Noticed Natasha
  1189 | D:2      | Killed Natasha
  1326 | D:2      | Reached XP level 5. HP: 23/35 MP: 0/0
  1326 | D:2      | Learned a level 2 spell: Blink
  1684 | D:2      | Reached skill level 5 in Spellcasting
  1729 | D:2      | Noticed Sigmund
  1743 | D:2      | Noticed a nameless horror
  1750 | D:2      | Killed Sigmund
  1750 | D:2      | Killed a nameless horror
  1751 | D:2      | Reached XP level 6. HP: 6/40 MP: 0/0
  1938 | D:2      | Noticed Natasha
  1949 | D:2      | Killed Natasha
  2070 | D:2      | Reached skill level 6 in Spellcasting
  2166 | D:3      | Found a transporter.
  2279 | D:3      | Noticed a small abomination
  2288 | D:3      | Noticed turdburglar's ghost (amateur GrEE)
  2301 | D:3      | Found a transporter.
  2445 | D:3      | Reached XP level 7. HP: 45/45 MP: 0/0
  2445 | D:3      | Learned a level 3 spell: Teleport Other
  2597 | D:3      | Found a one-way gate to the infinite horrors of the Abyss.
  3194 | D:5      | Entered Level 5 of the Dungeon
  3477 | D:5      | Reached skill level 7 in Spellcasting
  3683 | D:5      | Found a glowing silver altar of Zin.
  3707 | D:5      | Reached XP level 8. HP: 38/50 MP: 0/0
  3859 | D:5      | Reached skill level 1 in Fighting
  4207 | D:6      | Reached skill level 5 in Fighting
  5010 | D:6      | Reached XP level 9. HP: 57/66 MP: 0/0
  5010 | D:6      | Learned a level 3 spell: Ignite Poison
  5183 | D:7      | Found a staircase to the Ecumenical Temple.
  5195 | Temple   | Entered the Ecumenical Temple
  5778 | D:7      | Identified the +0 leather armour of Gozag's Outrage {Str+2}
  6289 | D:8      | Found a glowing golden altar of the Shining One.
  6293 | D:8      | Found a broken altar of Ashenzari.
  6370 | D:8      | Noticed Grum
  6380 | D:8      | Killed Grum
  6387 | D:8      | Reached skill level 10 in Fighting
  6387 | D:8      | Reached XP level 10. HP: 38/80 MP: 0/0
  6730 | D:8      | Reached skill level 8 in Spellcasting
  6809 | D:8      | Found Wer Pam's Distillery.
  7069 | D:8      | Found an ornate altar of the Wu Jian Council.
  7187 | D:8      | Noticed Maurice
  7200 | D:8      | Killed Maurice
  7443 | D:9      | Reached skill level 5 in Dodging
  7566 | D:9      | Noticed a two-headed ogre
  7575 | D:9      | Killed a two-headed ogre
  7576 | D:9      | Reached skill level 9 in Spellcasting
  7805 | D:9      | Noticed a two-headed ogre
  7813 | D:9      | Killed a two-headed ogre
  7814 | D:9      | Reached XP level 11. HP: 37/85 MP: 0/0
  7814 | D:9      | Learned a level 5 spell: Alistair's Intoxication
  8054 | D:9      | Found a staircase to the Lair.
  8558 | Lair:1   | Entered Level 1 of the Lair of Beasts
  8563 | Lair:1   | Noticed Fannar
  8579 | Lair:1   | Reached skill level 10 in Spellcasting
  8633 | Lair:1   | Killed Fannar
  8878 | Lair:1   | Noticed a catoblepas
  8894 | Lair:1   | Killed a catoblepas
  9169 | Lair:1   | Found the +0 pair of fencer's gloves {Riposte Dex+3}
  9308 | Lair:1   | You are sucked into a shaft and drop 1 floor!
  9308 | Lair:2   | Noticed Amaemon
  9320 | Lair:2   | Killed Amaemon
  9382 | Lair:2   | Noticed a five-headed hydra
  9389 | Lair:2   | Killed a five-headed hydra
  9390 | Lair:2   | Reached XP level 12. HP: 31/91 MP: 0/0
  9645 | Lair:1   | Reached skill level 11 in Spellcasting
 10170 | Lair:2   | Found a runed translucent gate.
 10170 | Lair:2   | Found a runed translucent gate.
 10171 | Lair:2   | Found a runed translucent gate.
 10543 | Lair:2   | Noticed Zebleirgh's ghost (journeyman DrCj)
 10601 | Lair:2   | Found a viscous altar of Jiyva.
 10633 | Lair:2   | Killed Zebleirgh's ghost
 10841 | Lair:2   | Became a worshipper of Jiyva Joguf the Shapeless
 11375 | Lair:2   | Found a hole to the Spider Nest.
 11493 | Lair:2   | Reached * piety under Jiyva
 11570 | Lair:2   | HP: 2/93 [culicivora (23)]
 11767 | Lair:2   | Reached ** piety under Jiyva
 11773 | Lair:2   | Reached skill level 12 in Spellcasting
 12092 | Lair:3   | Found a staircase to the Swamp.
 12337 | Lair:3   | Reached *** piety under Jiyva
 12545 | Lair:3   | Found a glowing silver altar of Zin.
 12708 | Lair:3   | Reached XP level 13. HP: 69/99 MP: 0/0
 12708 | Lair:3   | Learned a level 5 spell: Yara's Violent Unravelling
 13011 | Lair:4   | Noticed a seven-headed hydra
 13024 | Lair:4   | Killed a seven-headed hydra
 13284 | Lair:4   | Gained mutation: Your rubbery body absorbs attacks. (AC +1,
                  | EV +1) [Jiyva's grace]
 13284 | Lair:4   | Gained mutation: Your pliable body absorbs attacks. (AC +2,
                  | EV +2) [Jiyva's grace]
 13284 | Lair:4   | Gained mutation: Your gelatinous body deflects attacks. (AC
                  | +3, EV +3) [Jiyva's grace]
 13284 | Lair:4   | Gained mutation: You have a pair of small horns on your
                  | head. [Jiyva's grace]
 13346 | Lair:4   | Reached **** piety under Jiyva
 13482 | Lair:5   | Entered Level 5 of the Lair of Beasts
 13482 | Lair:5   | Noticed a five-headed hydra
 13498 | Lair:5   | Killed a five-headed hydra
 13499 | Lair:5   | Reached skill level 13 in Spellcasting
 13730 | Lair:5   | Found a staircase to the Slime Pits.
 13818 | Lair:5   | Noticed Snorg
 13827 | Lair:5   | Killed Snorg
 14000 | Lair:5   | Noticed a four-headed hydra
 14006 | Lair:5   | Killed a four-headed hydra
 14013 | Lair:5   | Reached XP level 14. HP: 108/108 MP: 0/0
 14078 | Lair:5   | Reached skill level 14 in Spellcasting
 14213 | Lair:5   | Reached ***** piety under Jiyva
 14319 | Lair:5   | Identified the staff of earth "Tigo" {rC++ Int+2}
 14833 | D:10     | Entered Level 10 of the Dungeon
 14954 | D:10     | Found an iron altar of Okawaru.
 14956 | D:10     | Found a hide-covered altar of Uskayaw.
 14958 | D:10     | Found a bloodstained altar of Trog.
 14960 | D:10     | Found a snail-covered altar of Cheibriados.
 14960 | D:10     | Found a sacrificial altar of Ru.
 14960 | D:10     | Found a blossoming altar of Fedhas.
 14960 | D:10     | Found a burning altar of Makhleb.
 15087 | D:10     | Found a staircase to the Orcish Mines.
 15289 | D:10     | Lost mutation: Your gelatinous body deflects attacks. (AC
                  | +3, EV +3) [Jiyva's grace]
 15289 | D:10     | Gained mutation: You are strong-willed. (Will+) [Jiyva's
                  | grace]
 15289 | D:10     | Gained mutation: You are highly strong-willed. (Will++)
                  | [Jiyva's grace]
 15289 | D:10     | Gained mutation: You are extremely strong-willed. (Will+++)
                  | [Jiyva's grace]
 15289 | D:10     | Gained mutation: You are covered in slimy tendrils that may
                  | disarm your opponents. [Jiyva's grace]
 15291 | D:10     | Found a flagged portal.
 15313 | Bailey   | Entered a bailey
 15585 | Bailey   | Reached skill level 15 in Spellcasting
 15659 | Bailey   | Found an iron altar of Okawaru.
 15784 | Bailey   | Acquired a manual of Fighting
 16049 | Orc:1    | Entered Level 1 of the Orcish Mines
 16084 | Orc:1    | Noticed Harold
 16100 | Orc:1    | Killed Harold
 16240 | Orc:2    | Entered Level 2 of the Orcish Mines
 16240 | Orc:2    | Found a staircase to the Elven Halls.
 16521 | Orc:2    | Reached ****** piety under Jiyva
 16798 | Orc:2    | Gained mutation: You occasionally shout uncontrollably at
                  | your foes. [a neqoxec]
 16799 | Orc:2    | Reached XP level 15. HP: 96/117 MP: 0/0
 16799 | Orc:2    | Learned a level 6 spell: Conjure Ball Lightning
 16805 | Orc:2    | Killed by an exploding ball lightning

Illustrated notes

Levels and vault maps discovered:
D:1:      nzn_arrival_crosshair, layout_basic, minmay_pentomino_o2
D:2:      layout_rooms, minmay_puff, uniq_natasha, uniq_sigmund
D:3:      layout_rooms, gammafunk_ghost_abyssal_escape
D:4:      layout_basic
D:5:      layout_cave_pools, zin_academy
D:6:      layout_loops_ring, minmay_misc_feat_pillars,
          chequers_serial_rivers_large_b
D:7:      layout_rooms, tgw_kikubaaqudgha, minmay_temple_entry_offerings
D:8:      layout_basic, mainiacjoe_overflow_catwalk_spiral,
          mainiacjoe_overflow_paths, serial_shops, nicolae_shop_real_fake_doors,
          uniq_grum, uniq_maurice
D:9:      layout_roguey, david_lair_shrubbed
D:10:     layout_small_grid, minitemple, zombieorc1_lemuel, enter_bailey_5
Temple:   compressed_dpeg_triangle_lava_temple
Lair:1:   layout_misc_corridors, uniq_fannar
Lair:2:   layout_hall_layers, nicolae_spider_entry_tight_spaces,
          gauntlet_entry_generic, gammafunk_ghost_ooze, st_stairs_5,
          uniq_amaemon
Lair:3:   layout_small_grid, swamp_mist, serial_bayou, serial_bayou_lagoon_b,
          serial_bayou_lagoon_a, serial_bayou_pond_c, serial_bayou_pond_e,
          lemuel_centaur_altar, lemuel_fruit_fields, lemuel_fruit_tree
Lair:4:   layout_cave_shapes, grunt_megastairs_3, serial_bayou_shore_a,
          infiniplex_staircase_pool
Lair:5:   evilmike_catoblepas_cave, layout_regular_city, slime_entry_1,
          uniq_snorg
Orc:1:    layout_caves, basic_altar, nicolae_shop_clearance, uniq_harold
Orc:2:    grunt_orc_tribal_feast, layout_caves, guppyfry_library_mini

Skill      XL: |  1  2  3  4  5  6  7  8  9 10 11 12 13 14 |
---------------+-------------------------------------------+-----
Spellcasting   | 4 5 6 7 9 10 12 13 15 | 15.4
Fighting       | 5 10 11 12 14 | 14.3
Dodging        | 6 8 9 |  9.0
Stealth        | |  1.5

Action                     |  1- 3 |  4- 6 |  7- 9 | 10-12 | 13-15 || total
---------------------------+-------+-------+-------+-------+-------++-------
  Melee: Unarmed           |     2 |     5 |     1 |       |       ||     8
         Staff             |       |       |       |    10 |     4 ||    14
         Headbutt          |       |       |       |       |    36 ||    36
         Punch             |       |       |       |       |     2 ||     2
   Cast: Freeze            |    37 |    57 |    77 |    78 |    79 ||   328
         Frozen Ramparts   |       |    13 |    23 |    31 |    49 ||   116
         Ozocubu's Armour  |       |     1 |     6 |    23 |    28 ||    58
         Summon Ice Beast  |       |     1 |    18 |    47 |    56 ||   122
         Sting             |       |       |    38 |    90 |   269 ||   397
         Ignite Poison     |       |       |     6 |    21 |    23 ||    50
         Blink             |       |       |       |     1 |       ||     1
         Teleport Other    |       |       |       |       |     1 ||     1
         Conjure Ball Ligh |       |       |       |       |     2 ||     2
  Evoke: Condenser vane    |       |       |       |       |     1 ||     1
    Use: Scroll            |     4 |     4 |     7 |     5 |     1 ||    21
         Potion            |       |       |       |     2 |     2 ||     4
 Armour: Robe              |     7 |    18 |    29 |    57 |    73 ||   184
         Skin              |       |     6 |       |       |       ||     6
         Troll leather arm |       |       |       |       |   126 ||   126
  Dodge: Dodged            |    22 |    55 |    68 |   162 |   485 ||   792
Riposte: Staff             |       |       |       |    31 |   104 ||   135
